 Dungeon Crawl Stone Soup version 0.19-a0-1206-g6bcb79c (webtiles) character file.

48828 mopl the Carver (level 14, -3/154 HPs)
             Began as a Deep Elf Berserker on Aug 21, 2016.
             Was a High Priest of Trog.
             Slain by a phantasmal warrior (19 damage)
             ... led by a death knight
             ... on level 12 of the Dungeon.
             The game lasted 01:02:04 (19124 turns).

mopl the Carver (Deep Elf Berserker)               Turns: 19124, Time: 01:02:04

Health: -3/154     AC: 27    Str: 20    XL:     14   Next: 13%
Magic:  16/16      EV:  2    Int: 14    God:    Trog [*****.]
Gold:   1251       SH:  0    Dex: 20    Spells: 0 memorised, 13 levels left

rFire  . . .     SeeInvis .     a - +10 triple sword of the Doomed Warrior {elec, Stlth+}
rCold  . . .     Gourm    .     (armour currently unavailable)
rNeg   + + +     Faith    .     (shield currently unavailable)
rPois  +         Spirit   .     (helmet currently unavailable)
rElec  .         Dismiss  .     (cloak currently unavailable)
rCorr  .         Reflect  .     (gloves currently unavailable)
MR     .....     Harm     .     (boots currently unavailable)
Stlth  +++....... NoTele   +    k - amulet of Vitality {Regen+ HP+15}
                                O - +4 ring of slaying
                                A - ring of Rymoicad {Str+5 Dex+3 Slay+3, =R}

@: exhausted, tree-form, vulnerable, starving, slowed, very slow
A: no striking features
a: Berserk, Trog's Hand, Brothers in Arms, Burn Spellbooks, Renounce Religion


You were on level 12 of the Dungeon.
You worshipped Trog.
Trog was extremely pleased with you.
You were starving.
You were a tree.
You visited 2 branches of the dungeon, and saw 18 of its levels.
You also visited: Labyrinth.

You collected 1602 gold pieces.
You spent 351 gold pieces at shops.

Inventory:

Hand Weapons
 a - the +10 triple sword of the Doomed Warrior (weapon) {elec, Stlth+}
   (You found it on level 10 of the Dungeon)

   Occasionally, upon striking a foe, it will discharge some electrical energy
   and cause terrible harm.
   It makes you more stealthy.
 b - the +6 short sword of the Hills {elec, rElec rC- Int+5}
   (You found it on level 6 of the Dungeon)

   Occasionally, upon striking a foe, it will discharge some electrical energy
   and cause terrible harm.
   It affects your intelligence (+5).
   It makes you vulnerable to cold.
   It insulates you from electricity.
 j - a +7 antimagic quick blade
Missiles
 d - 654 stones (quivered)
 G - 2 throwing nets
 P - 2 tomahawks of dispersal
 Y - 7 poisoned javelins
Armour
 i - a +0 pair of gloves (melded)
 l - a +0 pair of boots (melded)
 u - a +2 hat of see invisible (melded)
 M - a +1 cloak of poison resistance (melded)
 W - a +4 chain mail of magic resistance (melded)
 Z - a +0 plate armour of cold resistance
Jewellery
 h - an uncursed ring of flight
 k - the amulet of Vitality (around neck) {Regen+ HP+15}
   (You found it in a labyrinth)

   [amulet of regeneration]

   It affects your health (+15).
   It increases your rate of regeneration.
 o - an uncursed ring of positive energy
 A - the ring of Rymoicad (left branch) {Str+5 Dex+3 Slay+3, =R}
   (You found it in a labyrinth)

   [ring of strength]

   It affects your strength (+5).
   It affects your dexterity (+3).
   It affects your accuracy and damage with ranged weapons and melee attacks
   (+3).
 O - a +4 ring of slaying (right branch)
Wands
 n - a wand of disintegration (7/24)
 y - a wand of acid (11/15)
 K - a wand of lightning (13/15)
 N - a wand of confusion (18/48)
 S - a wand of polymorph (4/24)
 U - a wand of slowing (3/48)
 V - a wand of flame (25/48)
Scrolls
 e - 5 scrolls of remove curse
 f - 6 scrolls of identify
 g - a scroll of teleportation
 t - 2 scrolls of fear
 v - 2 scrolls of magic mapping
Potions
 q - 7 potions of curing
 z - a potion of cancellation
 F - 2 potions of resistance
 H - 3 potions of haste
 I - 3 potions of flight
 J - a potion of agility
 Q - a potion of might
 T - 4 potions of lignification {!q}
Miscellaneous
 B - a fan of gales
Comestibles
 c - 9 bread rations


   Skills:
 + Level 10.6 Fighting
 - Level 11.1(13.3) Short Blades
 * Level 11.5(13.0) Long Blades
 - Level 8.7 Throwing
 + Level 6.7 Armour
 - Level 10.5 Dodging


You had 13 spell levels left.
You didn't know any spells.

Dungeon Overview and Level Annotations

Branches:
Dungeon (12/15)            Temple (0/1) D:7            Lair (6/6) D:8
  Swamp (0/4) Lair:4        Snake (0/4) Lair:2          Orc (0/2) D:9
  Slime: Lair:5-6

Altars:
Dithmenos
Elyvilon
Gozag
Hepliaklqana
Kikubaaqudgha
Beogh

Shops:
D:5 *%:(   D:6 =   D:9 *

Annotations:
Lair:5 bb
Lair:6 exclusion: 2 oklob plants


Message History

The phantasmal warrior is heavily damaged.
The phantasmal warrior hits you.
* * * LOW HITPOINT WARNING * * *
You closely miss the phantasmal warrior.
The phantasmal warrior is heavily damaged.
The phantasmal warrior hits you!
* * * LOW HITPOINT WARNING * * *
The phantasmal warrior hits you.
* * * LOW HITPOINT WARNING * * *
You hit the phantasmal warrior.
The phantasmal warrior is heavily damaged.
The phantasmal warrior barely misses you.
You riposte.
You hit the phantasmal warrior.
The phantasmal warrior is heavily damaged.
The phantasmal warrior hits you but does no damage.
Your ogre goes berserk!
You are starving!
The phantasmal warrior hits you but does no damage.
The phantasmal warrior hits you!!
You die...

.... .≈≈. .≈≈..
#.# .≈≈..
#######.<...
.......#.W♣....#
≈.≈≈≈..#.##O##...#
........#######.#
.≈≈...#.......#
.##...#.#.....# ##
#...#)#.#...# .#
#.#.#.#.##### #.#
###.##.....#.#
#.#........#.###.#


You could see a phantasmal warrior and a friendly ogre (berserk).

Vanquished Creatures
  Gastronok (D:11)
  The ghost of Gorice the Protected, a journeyman DsMo of Okawaru (Lair:6)
  The ghost of kae the Arsonist, a journeyman HuFE of Vehumet (Lab)
  A minotaur (Lab)
  2 fire dragons (Lair:6)
  A hydra (Lair:2)
  A death knight (D:12)
  The ghost of Conn321 the Destroyer, a journeyman DEFE of Sif Muna (Lair:2)
  Nergalle (Lair:3)
  A death drake (Lair:6)
  3 hill giants
  A lindwurm (Lair:6)
  Pikel (D:5)
  A phantasmal warrior (D:12)
  A manticore (D:11)
  2 cyclopes
  4 centaur zombies
  A griffon (Lair:6)
  2 black mambas (Lair:5)
  6 torpor snails (Lair:6)
  The ghost of Duffy the Grappler, a novice NaMo (D:5)
  Maurice (D:8)
  12 spiny frogs
  8 komodo dragons
  3 rime drakes
  A queen bee (D:11)
  A troll (D:11)
  A polar bear (Lair:5)
  Prince Ribbit (D:8)
  4 giant leeches (Lair:6)
  Grinder (D:3)
  5 slime creatures
  10 blink frogs
  A boulder beetle (Lair:6)
  Sigmund (D:3)
  A spriggan (D:7)
  A wraith (D:12)
  A water elemental (D:12)
  15 yaks
  2 wyverns
  2 basilisks (Lair:6)
  A steam dragon (Lair:6)
  8 hippogriffs
  3 mottled dragons (Lair:6)
  3 nagas (Lair:2)
  7 swamp worms (Lair:5)
  10 water moccasins
  3 swamp drakes (Lair:6)
  3 ice beasts
  9 porcupines
  4 slaves (D:5)
  A black bear (D:7)
  7 orc warriors
  7 ogres
  9 wasps
  7 centaurs
  14 crocodiles
  5 wolves (Lair:1)
  A big kobold (D:4)
  7 giant frogs
  A wyvern skeleton (D:10)
  4 scorpions
  2 water moccasin skeletons
  30 killer bees
  25 wights
  2 howler monkeys
  2 troll skeletons (Lab)
  6 electric eels
  A spriggan skeleton (Lab)
  5 crimson imps
  A quasit (D:10)
  9 orc priests
  4 giant frog zombies
  2 hounds
  Crazy Yiuf (D:3)
  3 giant frog skeletons
  2 centaur skeletons
  6 orc wizards
  15 iguanas
  13 worker ants
  14 sheep
  4 hound skeletons
  A worker ant zombie (D:9)
  21 river rats
  12 adders
  2 adder zombies
  14 worms
  2 dart slugs
  5 giant geckos
  40 orcs
  8 bats
  13 giant cockroaches
  5 goblins
  4 hobgoblins
  5 jackals
  4 quokkas
  8 giant newts
  7 kobolds
  A quokka skeleton (D:8)
  7 rats
  A butterfly (D:5)
  A fungus (D:3)
  3 plants
531 creatures vanquished.

Vanquished Creatures (collateral kills)
  4 hydras
  A hill giant (D:11)
  A black mamba (Lair:1)
  2 ogres (D:11)
  A crocodile (Lair:6)
  2 killer bees (D:11)
  3 sheep (Lair:6)
  An ogre skeleton (Lab)
  2 river rats (Lair:1)
  A fungus (Lair:6)
18 creatures vanquished.

Vanquished Creatures (others)
  6 fungi
  16 plants
22 creatures vanquished.

Grand Total: 571 creatures vanquished

Notes
Turn   | Place    | Note
-------+----------+-------------------------------------------
     0 | D:1      | mopl the Deep Elf Berserker began the quest for the Orb.
     0 | D:1      | Reached XP level 1. HP: 13/13 MP: 3/3
   206 | D:1      | Reached XP level 2. HP: 18/18 MP: 4/4
   668 | D:2      | Reached skill level 1 in Throwing
   741 | D:2      | Reached skill level 3 in Dodging
   741 | D:2      | Reached XP level 3. HP: 22/22 MP: 5/5
   856 | D:2      | Reached ** piety under Trog
  1420 | D:3      | Reached XP level 4. HP: 27/27 MP: 6/6
  1578 | D:3      | Noticed Sigmund
  1587 | D:3      | Killed Sigmund
  1587 | D:3      | Reached skill level 3 in Fighting
  1587 | D:3      | Reached skill level 4 in Short Blades
  1587 | D:3      | Reached skill level 2 in Throwing
  1587 | D:3      | Reached XP level 5. HP: 32/32 MP: 7/7
  1592 | D:3      | Found a shadowy altar of Dithmenos.
  2058 | D:3      | Reached XP level 6. HP: 37/37 MP: 8/8
  2140 | D:3      | Noticed Grinder
  2195 | D:3      | Killed Grinder
  2195 | D:3      | Reached skill level 5 in Short Blades
  2195 | D:3      | Reached skill level 3 in Throwing
  2195 | D:3      | Reached skill level 4 in Dodging
  2415 | D:3      | Found a runed door.
  2419 | D:3      | Noticed Crazy Yiuf
  2424 | D:3      | Killed Crazy Yiuf
  2574 | D:4      | Reached XP level 7. HP: 42/42 MP: 9/9
  2926 | D:4      | Reached skill level 6 in Short Blades
  2926 | D:4      | Reached skill level 5 in Dodging
  2934 | D:4      | Reached skill level 4 in Fighting
  2934 | D:4      | Reached skill level 4 in Throwing
  3334 | D:4      | Found an ancient bone altar of Kikubaaqudgha.
  3668 | D:5      | Entered Level 5 of the Dungeon
  3687 | D:5      | Reached XP level 8. HP: 48/48 MP: 10/10
  3790 | D:5      | Noticed Duffy's ghost (novice NaMo)
  3859 | D:5      | Killed Duffy's ghost
  3859 | D:5      | Reached skill level 7 in Short Blades
  3910 | D:5      | Found Wiykkexeh's Magic Scroll Boutique.
  3932 | D:5      | Found Faddolacha's General Store.
  3940 | D:5      | Bought a scroll of identify for 24 gold pieces
  3940 | D:5      | Bought a scroll of identify for 24 gold pieces
  4063 | D:5      | Found Ruifos's Food Boutique.
  4140 | D:5      | Reached skill level 6 in Dodging
  4210 | D:5      | Found a runed door.
  4277 | D:5      | Reached *** piety under Trog
  4510 | D:5      | Found Opoperis's Weapon Boutique.
  4622 | D:5      | Reached skill level 5 in Throwing
  4873 | D:5      | Noticed Pikel
  4881 | D:5      | Killed Pikel
  4881 | D:5      | Reached skill level 5 in Fighting
  4881 | D:5      | Reached skill level 8 in Short Blades
  4881 | D:5      | Reached XP level 9. HP: 54/54 MP: 11/11
  4921 | D:5      | Found Gonoronlu's Book Shop.
  4939 | D:5      | Found a runed door.
  5356 | D:6      | Found Ofyfogaw's Jewellery Shoppe.
  5363 | D:6      | Bought a cursed amulet of inaccuracy for 26 gold pieces
  5758 | D:6      | Got a dazzling short sword
  5759 | D:6      | Identified the +6 short sword of the Hills {elec, rElec rC- Int+5} (You found it on level 6 of the Dungeon)
  6098 | D:7      | Reached skill level 7 in Dodging
  6397 | D:7      | Found a white marble altar of Elyvilon.
  6398 | D:7      | Found a hazy altar of Hepliaklqana.
  6530 | D:7      | Reached skill level 9 in Short Blades
  6799 | D:7      | Found a staircase to the Ecumenical Temple.
  6908 | D:7      | Reached **** piety under Trog
  6932 | D:8      | Noticed Maurice
  6967 | D:7      | Reached skill level 6 in Throwing
  7058 | D:8      | Noticed Prince Ribbit
  7066 | D:8      | Killed Prince Ribbit
  7073 | D:8      | Killed Maurice
  7073 | D:8      | Reached XP level 10. HP: 59/60 MP: 12/12
  7322 | D:8      | Reached skill level 6 in Fighting
  7322 | D:8      | Reached skill level 8 in Dodging
  7329 | D:8      | Received a gift from Trog
  7590 | D:8      | Reached skill level 10 in Short Blades
  7741 | D:8      | Found a staircase to the Lair.
  7897 | D:8      | Received a gift from Trog
  8200 | D:9      | Found an opulent altar of Gozag.
  8457 | D:9      | Noticed a cyclops
  8464 | D:9      | Killed a cyclops
  8652 | D:9      | Found Jaufap's Assorted Antiques.
  8662 | D:9      | Bought a scroll labeled QOMPEN YMAYLAL for 28 gold pieces
  8662 | D:9      | Bought a black potion for 25 gold pieces
  8662 | D:9      | Bought a glass wand for 112 gold pieces
  8662 | D:9      | Bought a glowing wooden wand for 112 gold pieces
  8873 | D:9      | Reached skill level 7 in Throwing
  9001 | D:9      | Found a roughly hewn altar of Beogh.
  9001 | D:9      | Found a staircase to the Orcish Mines.
  9332 | D:9      | Reached skill level 9 in Dodging
  9509 | D:10     | Entered Level 10 of the Dungeon
  9529 | D:10     | Noticed a hill giant
  9547 | D:10     | Killed a hill giant
  9547 | D:10     | Reached skill level 11 in Short Blades
  9611 | D:10     | Reached XP level 11. HP: 54/66 MP: 13/13
  9638 | D:10     | Got a scorched short sword
  9819 | D:10     | Got an encrusted triple sword
  9820 | D:10     | Identified the +10 triple sword of the Doomed Warrior {elec, Stlth+} (You found it on level 10 of the Dungeon)
  9833 | D:10     | Reached skill level 7 in Fighting
  9907 | D:10     | Reached ***** piety under Trog
  9907 | D:10     | Reached skill level 1 in Long Blades
  9929 | D:10     | Noticed a hill giant
  9940 | D:10     | Killed a hill giant
 10062 | D:11     | Reached skill level 2 in Long Blades
 10217 | D:11     | Noticed Gastronok
 10230 | D:11     | Killed Gastronok
 10230 | D:11     | Reached skill level 3 in Long Blades
 10230 | D:11     | Reached skill level 8 in Throwing
 10243 | D:11     | Reached skill level 10 in Dodging
 10260 | D:11     | Noticed a hill giant
 10269 | D:11     | Killed a hill giant
 10286 | D:11     | Received a gift from Trog
 10299 | D:11     | Reached skill level 4 in Long Blades
 10508 | D:11     | Found a labyrinth entrance.
 10517 | Lab      | Entered a labyrinth
 10742 | Lab      | Noticed kae's ghost (journeyman HuFE)
 10755 | Lab      | Killed kae's ghost
 10947 | Lab      | Noticed a minotaur
 10963 | Lab      | Killed a minotaur
 10963 | Lab      | Reached skill level 8 in Fighting
 10963 | Lab      | Reached skill level 5 in Long Blades
 11025 | Lab      | Got a flickering lead ring
 11028 | Lab      | Identified the ring of Rymoicad {Str+5 Dex+3 Slay+3} (You found it in a labyrinth)
 11034 | Lab      | Got a polished arbalest
 11037 | Lab      | Identified the +10 arbalest of Moerak {freeze, +Inv} (You found it in a labyrinth)
 11470 | D:11     | Reached XP level 12. HP: 73/73 MP: 14/14
 11545 | D:11     | Reached skill level 2 in Armour
 11832 | D:11     | Reached skill level 6 in Long Blades
 12085 | Lair:1   | Entered Level 1 of the Lair of Beasts
 12254 | Lair:1   | Noticed a five-headed hydra
 12259 | Lair:1   | Killed a five-headed hydra
 12311 | Lair:1   | Noticed a six-headed hydra
 12319 | Lair:1   | Killed a six-headed hydra
 12319 | Lair:1   | Reached skill level 3 in Armour
 12409 | Lair:1   | Reached skill level 7 in Long Blades
 13055 | Lair:2   | Received a gift from Trog
 13162 | Lair:2   | Found a staircase to the Snake Pit.
 13176 | Lair:2   | Reached skill level 8 in Long Blades
 13228 | Lair:2   | Noticed a six-headed hydra
 13280 | Lair:2   | Reached skill level 9 in Fighting
 13480 | Lair:2   | Noticed Conn321's ghost (journeyman DEFE)
 13487 | Lair:2   | Killed Conn321's ghost
 13487 | Lair:2   | Reached skill level 4 in Armour
 13561 | Lair:2   | Killed a six-headed hydra
 14267 | Lair:3   | Noticed Nergalle
 14284 | Lair:3   | Killed Nergalle
 14601 | Lair:4   | Reached XP level 13. HP: 80/80 MP: 15/15
 14650 | Lair:4   | Identified the Collected Works on Nocuous Dark Secrets
 14766 | Lair:4   | Reached skill level 9 in Long Blades
 14796 | Lair:4   | Received a gift from Trog
 14913 | Lair:4   | Found a staircase to the Swamp.
 15320 | Lair:4   | Got a dazzling dagger
 15321 | Lair:4   | Identified the +6 dagger of Sharkskin {speed, +Fly rPois rF- Str-2} (You found it on level 4 of the Lair of Beasts)
 15664 | Lair:5   | Reached skill level 5 in Armour
 16709 | Lair:6   | Entered Level 6 of the Lair of Beasts
 16769 | Lair:6   | Noticed Gorice's ghost (journeyman DsMo)
 16801 | Lair:6   | Killed Gorice's ghost
 16921 | Lair:6   | Reached skill level 10 in Long Blades
 16998 | Lair:6   | Reached skill level 10 in Fighting
 17231 | Lair:6   | Noticed Nessos
 17236 | Lair:6   | Noticed Nessos
 17236 | Lair:6   | Nessos changed into Nessos the death drake
 17248 | Lair:6   | Killed Nessos the death drake
 17515 | Lair:6   | Reached skill level 6 in Armour
 17542 | Lair:6   | Found a runed door.
 17572 | Lair:6   | Received a gift from Trog
 17840 | Lair:6   | Reached skill level 11 in Long Blades
 18142 | Lair:6   | Received a gift from Trog
 18259 | Lair:6   | Noticed a fire dragon
 18264 | Lair:6   | Killed a fire dragon
 18467 | Lair:6   | Reached XP level 14. HP: 88/88 MP: 16/16
 19124 | D:12     | Slain by a phantasmal warrior

Vault maps used:
D:1:      dpeg_arrival_pits
D:3:      nicolae_dithmenos_through_a_glass_darkly, uniq_grinder,
          uniq_crazy_yiuf_cottage, uniq_sigmund
D:4:      kennysheep_mini_moat
D:5:      lemuel_insect_pit, serial_shops, kennysheep_little_box, shop, shop,
          shop, nicolae_shop_behind_doors, first_bread, uniq_pikel
D:6:      serial_shops, nicolae_shop_stone, minmay_checkerbox
D:7:      gammafunk_temple_overflow_statue
D:8:      david_lair_shrubbed, the_bakery, uniq_maurice, uniq_prince_ribbit1
D:9:      grunt_gozag_statues, david_orc_5, serial_shops,
          nicolae_shop_overgrown_old_shop, lightli_minifort
D:11:     special_room, lab_entry_generic, uniq_gastronok
D:12:     minmay_misc_feat_more_columns
Lair:1:   grunt_megastairs_5, serial_bayou_shore_a
Lair:2:   guppyfry_snake_entry_island
Lair:3:   st_stairs_5, lemuel_fruit_fields, infiniplex_staircase_pool_2,
          uniq_nergalle
Lair:4:   minmay_swamp_entry_reptiles, serial_bayou_shore_b, lemuel_fruit_fields
Lair:5:   serial_bayou_pond_c, worms_lemuel, lemuel_fruit_fields
Lair:6:   wormcave, guppyfry_lair_end_dragon, minmay_slime_entry_oklob_enclosed,
          infiniplex_staircase_pool, uniq_nessos
Lab:      nicolae_lab_plus, labyrinth_lava_lair, nicolae_lab_garden,
          nicolae_lab_hexagon, nicolae_lab_dead_end, nicolae_lab_lava

Skill      XL: |  1  2  3  4  5  6  7  8  9 10 11 12 13 |
---------------+----------------------------------------+-----
Throwing       | 1 2 3 4 5 6 7 8 |  8.7
Dodging        | 3 4 5 6 7 9 10 | 10.5
Fighting       | 3 4 5 6 8 9 10 | 10.6
Short Blades   | 4 5 6 8 9 11 | 11.1
Long Blades    | 5 8 11 | 11.5
Armour         | 4 6 |  6.7

Action                   |  1- 3 |  4- 6 |  7- 9 | 10-12 | 13-15 || total
-------------------------+-------+-------+-------+-------+-------++-------
Melee: Short sword       |   124 |   108 |   200 |   282 |    13 ||   727
       Dagger            |       |    23 |       |       |       ||    23
       Quarterstaff      |       |     7 |   188 |       |       ||   195
       Triple sword      |       |       |       |   339 |   359 ||   698
Throw: Stone             |       |    13 |       |     7 |     7 ||    27
Invok: Berserk           |     6 |     6 |    10 |    16 |     5 ||    43
       Trog's Hand       |       |     4 |     1 |     6 |       ||    11
       Brothers in Arms  |       |       |       |     9 |     3 ||    12
 Abil: Evoke Flight      |       |       |       |       |     1 ||     1
Evoke: Wand              |       |       |     3 |    24 |     2 ||    29
  Use: Scroll            |       |     4 |     3 |    20 |     2 ||    29
       Potion            |       |       |       |     5 |     3 ||     8
 Stab: Confused          |       |       |     2 |       |       ||     2
       Sleeping          |       |       |       |     3 |       ||     3
       Distracted        |       |       |       |     1 |     1 ||     2
  Eat: Chunk             |     7 |     7 |    20 |    26 |    20 ||    80
       Bread ration      |       |     1 |       |     1 |       ||     2
       Royal jelly       |       |       |     1 |       |       ||     1
       Beef jerky        |       |       |     2 |     3 |       ||     5
       Pizza             |       |       |       |     1 |       ||     1
       Meat ration       |       |       |       |     2 |       ||     2
Armor: Animal skin       |    11 |       |       |       |       ||    11
       Ring mail         |    39 |    20 |    96 |     2 |       ||   157
       Leather armour    |       |       |       |    42 |       ||    42
       Skin              |       |       |       |     7 |     3 ||    10
       Chain mail        |       |       |       |    92 |   142 ||   234
Dodge: Dodged            |   101 |    70 |   255 |   404 |   191 ||  1021
